 Dungeon Crawl Stone Soup version 0.26.0-90-g5fd8617961 (webtiles) character file.

Game seed: 5025646769090356534

49 Gadfly the Cudgeller (level 3, 0/36 HPs)
             Began as an Ogre Gladiator on Feb 3, 2021.
             Slain by a sky beast (6 damage)
             ... on level 2 of the Dungeon.
             The game lasted 00:02:32 (1685 turns).

Gadfly the Cudgeller (Ogre Gladiator)               Turns: 1685, Time: 00:02:33

Health: 0/36       AC:  3    Str: 25    XL:     3   Next: 75%
Magic:  4/4        EV: 10    Int:  9    God:
Gold:   53         SH:  0    Dex: 10    Spells: 2/2 levels left

rFire    . . .     SeeInvis .   a - +0 flail
rCold    . . .     Faith    .   (no shield)
rNeg     . . .     Spirit   .   b - +0 robe
rPois    .         Reflect  .   c - +0 hat
rElec    .         Harm     .   (no cloak)
rCorr    .         Rampage  .   (gloves unavailable)
Will     .....                  (boots unavailable)
Stlth    +.........             g - amulet of the acrobat
HPRegen  0.12/turn              j - +6 ring of strength
MPRegen  0.09/turn              (no ring)

@: no status effects
A: large, unfitting armour, tough skin 1
a: no special abilities


You were on level 2 of the Dungeon.
You visited 1 branch of the dungeon, and saw 2 of its levels.

You collected 53 gold pieces.

Inventory:

Hand Weapons
 a - a +0 flail (weapon)
Missiles
 d - 3 throwing nets (quivered)
 h - 76 stones
Armour
 b - a +0 robe (worn)
 c - a +0 hat (worn)
Jewellery
 g - an amulet of the acrobat (around neck)
 j - a +6 ring of strength (left hand)
Scrolls
 e - 2 scrolls of teleportation
 f - a scroll of magic mapping
Potions
 i - a potion of heal wounds
 m - a potion of curing
 n - a potion of might {unknown}


   Skills:
 - Level 2.6 Fighting
 + Level 2.9 Maces & Flails
 + Level 2.2 Throwing
 * Level 1.1 Armour
 - Level 2.6 Dodging
 * Level 1.6 Invocations
 * Level 1.0 Evocations


You had 2 spell levels left.
You didn't know any spells.
Your spell library was empty.

Dungeon Overview and Level Annotations

Branches:
Dungeon (2/15)

Altars:


Innate Abilities, Weirdness & Mutations

You are too large for most types of armour.
You have tough skin. (AC +1)


Message History

You are too injured to fight recklessly!
You are too injured to fight recklessly!
You are too injured to fight recklessly!
You are too injured to fight recklessly!
You are too injured to fight recklessly!
You are too injured to fight recklessly!
You are too injured to fight recklessly!
You are too injured to fight recklessly!
You are too injured to fight recklessly!
You are too injured to fight recklessly!
You are too injured to fight recklessly!
You are too injured to fight recklessly!
You are too injured to fight recklessly!
You are too injured to fight recklessly!
You closely miss something. Something hits you. Something shocks you.
You see here an uncursed ring of wizardry.
You miss something. Something hits you.
* * * LOW HITPOINT WARNING * * *
Something shocks you.
You die...

..........)#
#.#
..#......###
#.#
.######...#
#.#
#......###
...####.#
##..# #..##
#.## #@#
##{####...
#..g.g....
#######...


You could see a goblin.

Vanquished Creatures
  2 adders
  An ooze (D:1)
  A leopard gecko (D:2)
  A ball python (D:1)
  3 giant cockroaches
  A goblin (D:1)
  3 hobgoblins (D:1)
  3 jackals (D:1)
  4 kobolds
  3 bats (D:1)
  2 rats (D:1)
24 creatures vanquished.

Notes
Turn   | Place    | Note
-------+----------+-------------------------------------------
     0 | D:1      | Gadfly the Ogre Gladiator began the quest for the Orb.
     0 | D:1      | Reached XP level 1. HP: 22/22 MP: 1/1
   117 | D:1      | Reached XP level 2. HP: 29/29 MP: 2/2
   814 | D:1      | Reached skill level 1 in Invocations
  1306 | D:1      | Reached XP level 3. HP: 27/36 MP: 3/3
  1308 | D:1      | Reached skill level 1 in Armour
  1519 | D:2      | Reached skill level 1 in Evocations
  1529 | D:2      | Noticed an ogre
  1672 | D:2      | Noticed a sky beast
  1685 | D:2      | Slain by a sky beast

Illustrated notes

Levels and vault maps discovered:
D:1:      dpeg_arrival_triangle_fractal, layout_loops_ring
D:2:      layout_rooms

Skill      XL: |  1  2  3 |
---------------+----------+-----
Invocations    | 1 |  1.6
Armour         | 1 |  1.1
Evocations     | 1 |  1.0
Fighting       | |  2.6
Maces & Flails | |  2.9
Throwing       | |  2.2
Dodging        | |  2.6

Action                   || total
-------------------------++-------
Melee: Flail             ||    88
  Use: Scroll            ||     5
       Potion            ||     1
 Stab: Sleeping          ||     1
Armor: Robe              ||    37
Dodge: Dodged            ||    58
